 Dungeon Crawl Stone Soup version 0.25-a0-589-g1e14c549ee (webtiles) character file.

Game seed: 6614409140972387502, levelgen mode: classic

67 EnegeticOcto the Skirmisher (level 3, -1/32 HPs)
             Began as a Mummy Chaos Knight on Mar 13, 2020.
             Was a Plaything of Xom.
             Slain by an adder (3 damage)
             ... on level 2 of the Dungeon.
             The game lasted 00:01:35 (1947 turns).

EnegeticOcto the Skirmisher (Mummy Chaos Knight)    Turns: 1947, Time: 00:01:36

Health: -1/32      AC:  6    Str: 16    XL:     3   Next: 98%
Magic:  3/3        EV: 11    Int: 11    God:    Xom [...*..]
Gold:   26         SH:  0    Dex: 11    Spells: 2/2 levels left

rFire    x . .     SeeInvis .   a - +0 spear (chaos)
rCold    + . .     Gourm    .   (no shield)
rNeg     + + +     Faith    .   b - +2 leather armour
rPois    ∞         Spirit   .   (no helmet)
rElec    .         Reflect  .   c - +0 cloak
rCorr    .         Harm     .   (no gloves)
MR       .....                  (no boots)
Stlth    +.........             (no amulet)
HPRegen  0.10/turn              (no ring)
MPRegen  0.08/turn              (no ring)

@: no status effects
A: no food or potions, fire vulnerability, cold resistance 1, negative energy
resistance 3, torment resistance, unbreathing
a: Renounce Religion


You were on level 2 of the Dungeon.
You worshipped Xom.
You were a favourite toy of Xom.
You were not hungry.

You visited 1 branch of the dungeon, and saw 2 of its levels.

You collected 26 gold pieces.

Inventory:

Hand Weapons
 a - a +0 spear of chaos (weapon)
Missiles
 d - 5 silver boomerangs (quivered)
 f - 3 curare-tipped darts
Armour
 b - a +2 leather armour (worn)
 c - a +0 cloak (worn)
Scrolls
 e - 2 scrolls of fog {unknown}
 g - a scroll of remove curse {unknown}


   Skills:
 + Level 4.9 Fighting
 - Level 2.4 Polearms
 - Level 1.5 Armour
 - Level 0.7 Dodging


You had 2 spell levels left.
You didn't know any spells.
Your spell library was empty.

Dungeon Overview and Level Annotations

Branches:
Dungeon (2/15)

Altars:

Annotations:
D:2 1 runed translucent door, Crazy Yiuf


Innate Abilities, Weirdness & Mutations

You do not eat or drink.
Your flesh is vulnerable to fire.
You are immune to poison.
Your flesh is cold resistant. (rC+)
You are immune to negative energy. (rN+++)
You are immune to unholy pain and torment.
You can survive without breathing.


Message History

No target in view!
No target in view!
g - a scroll labeled HIAD CEAFAJO
Things that are here:
a +0 club; a hobgoblin corpse A frilled lizard comes into view.
A frilled lizard is nearby!
The frilled lizard hisses angrily.
You hit the frilled lizard.
You kill the frilled lizard!
No target in view!
No target in view!
No target in view!
No target in view!
No target in view!
No target in view!
No target in view!
No target in view!
You see here a frilled lizard corpse.
There is a stone staircase leading up here.
You see here 19 bolts.
You see here a golden potion.
Things that are here:
a +0 club; 3 stones; a kobold skeleton
Found an orange potion.
You see here an orange potion.
Things that are here:
an amethyst potion; a leather armour
Found a robe.
You see here a robe.
Things that are here:
a +0 club; a hobgoblin skeleton Key pressed, stopping explore.
Key pressed, stopping explore.
Things that are here:
a +0 club; 3 stones; a kobold skeleton You see here a +0 club.
Key pressed, stopping explore.
Key pressed, stopping explore.
A bat and a hobgoblin come into view.
The hobgoblin shouts!
You hear an angry hiss.
A giant cockroach comes into view.
Found a club.
You hit the bat.
You kill the bat!
An adder comes into view.
Attack whom?
Press: ? - help, Dir - move target cursor, f - adder
Aim: an adder You reach to attack!
You barely miss the adder. The adder misses you.
You closely miss the adder. The hobgoblin barely misses you.
The adder bites you but does no damage.
Your leather armour prevents you from hitting the adder.
The hobgoblin hits you but does no damage.
The adder completely misses you.
You hit the adder but do no damage.
The adder flickers and vanishes!
Deactivating autopickup; reactivate with Ctrl-A.
Xom is highly amused!
Something bites you but does no damage. The hobgoblin closely misses you.
You hit the hobgoblin. You freeze the hobgoblin.
You kill the hobgoblin!
Something bites you but does no damage. Something bites you.
You barely miss the giant cockroach.
The giant cockroach bites you but does no damage.
Something bites you.
You hit the giant cockroach.
The giant cockroach is severely wounded.
The giant cockroach bites you. Something bites you.
You are too injured to fight recklessly!
You are too injured to fight recklessly!
You are too injured to fight recklessly!
You are too injured to fight recklessly!
You are too injured to fight recklessly!
You are too injured to fight recklessly!
You are too injured to fight recklessly!
You are too injured to fight recklessly!
You are too injured to fight recklessly!
A giant cockroach is nearby!
The giant cockroach barely misses you.
You hit the giant cockroach.
You feel better.
You kill the giant cockroach!
Something bites you but does no damage.
You completely miss something. Something bites you.
You barely miss something. Something bites you but does no damage.
You miss something. Something bites you.
Something bites you but does no damage.
You hit something but do no damage. Something bites you.
You miss something. Something bites you.
You hit something but do no damage. Something bites you.
Something bites you but does no damage.
You barely miss something. Something bites you.
* * * LOW HITPOINT WARNING * * *
You barely miss something. Something bites you.
* * * LOW HITPOINT WARNING * * *
You miss something. Something bites you.
* * * LOW HITPOINT WARNING * * *
You completely miss something. Something bites you but does no damage.
Something bites you.
You die... "I guess I need a new plaything now."

.# #........#
#.##.#
.#####.####.###
#.##.# ....##.#
##.########.##.#
###.##.#
#..............# #
#.##.#
#.#########.#### #
#.##.# #.#
#######.# # #.##.#
#.###.......#
###.##.#
#.......#####
.......# #.#####@#
..#.#### #.# #.#
#.#.######.#..)).#
#..........#.#$#..
...........#####.##
###.######.......#
###.# #########
....# #####


There were no monsters in sight!

Vanquished Creatures
  An adder (D:2)
  A worm (D:2)
  A ball python (D:1)
  4 giant cockroaches
  10 hobgoblins
  4 jackals (D:2)
  2 quokkas
  5 bats
  5 frilled lizards
  5 goblins
  5 kobolds
  9 rats
52 creatures vanquished.

Notes
Turn   | Place    | Note
-------+----------+-------------------------------------------
     0 | D:1      | EnegeticOcto the Mummy Chaos Knight began the quest for the
                  | Orb.
     0 | D:1      | Reached XP level 1. HP: 18/18 MP: 1/1
    73 | D:1      | XOM: potion effect (invisibility)
    82 | D:1      | Reached XP level 2. HP: 23/24 MP: 2/2
   537 | D:1      | Reached skill level 4 in Fighting
   685 | D:1      | XOM: medium Erth miscast
   754 | D:1      | XOM: harmless Fire miscast
   918 | D:1      | Reached XP level 3. HP: 30/30 MP: 3/3
  1339 | D:2      | XOM: blink monster(s)
  1485 | D:2      | Found a runed translucent door.
  1486 | D:2      | Noticed Crazy Yiuf
  1599 | D:2      | XOM: noise
  1947 | D:2      | Slain by an adder

Levels and vault maps discovered:
D:1:      onia_arrival_larder, layout_loops_cross
D:2:      layout_loops_ring, nicolae_overflow_hidden_temple,
          minmay_split_cup_small, uniq_crazy_yiuf_cottage

Skill      XL: |  1  2 |
---------------+-------+-----
Fighting       | 4 |  4.9
Polearms       | |  2.4
Armour         | |  1.5
Dodging        | |  0.7

Action                   || total
-------------------------++-------
Melee: Spear             ||   150
 Stab: Invisible         ||     3
       Sleeping          ||     1
       Paralysed         ||     1
Armor: Leather armour    ||    44
Dodge: Dodged            ||    52

Table legend:
 A = Non-vault XP
 B = Vault XP
 C = Vault XP percentage of total XP
 D = Non-vault monster count
 E = Vault monster count
 F = Vault count percentage of total count
                 A         B        C        D         E       F
            +---------+---------+-------+---------+---------+-------
      Total |      81 |      15 |  15.6 |      42 |      10 |  19.2
            +---------+---------+-------+---------+---------+-------
        D:1 |      34 |      10 |  22.7 |      23 |       7 |  23.3
        D:2 |      47 |       5 |   9.6 |      19 |       3 |  13.6
            +---------+---------+-------+---------+---------+-------
